 Dungeon Crawl Stone Soup version bcrawl-1.13.2 (webtiles) character file.

Game seed: 16481235715474286636

53 Felnil the Shield-Bearer (level 3, -2/23 HPs)
             Began as a Skeleton Fighter on Aug 10, 2019.
             Slain by an orc
             ... wielding a +0 trident
              (6 damage)
             ... on level 3 of the Dungeon.
             The game lasted 00:03:18 (1809 turns).

Felnil the Shield-Bearer (Skeleton Fighter)         Turns: 1809, Time: 00:03:19

Health: -2/23      AC:  7    Str: 22 (23) XL:     3   Next: 62%
Magic:  0/3        EV:  8    Int:  6      God:
Gold:   69         SH:  9    Dex:  6 (8)  Spells: 2/2 levels left

rFire    . . .     SeeInvis .   a - +0 war axe
rCold    + . .     Gourm    .   c - +0 shield
rNeg     + + +     Faith    .   b - +0 scale mail
rPois    ∞         Spirit   +   (no helmet)
rElec    .         Reflect  .   (no cloak)
rCorr    .         Harm     .   (no gloves)
MR       .....                  (no boots)
Stlth    ..........             (no amulet)
HPRegen  0.07/turn              (no ring)
MPRegen  0.08/turn              (no ring)

@: no status effects
A: no food or potions, cold resistance 1, deterioration 1, negative energy
resistance 3, torment resistance, unbreathing, magic shield, sturdy frame 1,
spell healing
a: no special abilities


You were on level 3 of the Dungeon.
You were not hungry.

You visited 1 branch of the dungeon, and saw 3 of its levels.

You collected 69 gold pieces.

Inventory:

Hand Weapons
 a - a +0 war axe (weapon)
Missiles
 d - 91 poisoned tomahawks (quivered)
Armour
 b - a +0 scale mail (worn)
 c - a +0 shield (worn)
Scrolls
 e - 4 scrolls of identify {unknown}
 f - a scroll of remove curse {unknown}
 g - a scroll of teleportation {unknown}
 h - a scroll of amnesia {unknown}
 i - a scroll of noise {unknown}


   Skills:
 + Level 3.4 Fighting
 + Level 3.2 Axes
 + Level 3.8 Armour
 + Level 4.2 Shields


You had 2 spell levels left.
You didn't know any spells.
Your spell library was empty.

Dungeon Overview and Level Annotations

Branches:
Dungeon (3/12)

Altars:
Gozag
Nemelex Xobeh


Innate Abilities, Weirdness & Mutations

You do not eat or drink.
You are immune to poison.
Your flesh is cold resistant. (rC+)
Your body sometimes deteriorates upon taking damage.
You are immune to negative energy. (rN+++)
You are immune to unholy pain and torment.
You can survive without breathing.
When hurt, damage is shared between your health and your magic reserves.
Your movements are slightly less encumbered by armour. (ER -2)
Casting spells heals you.


Message History

You are too injured to fight recklessly!
You are too injured to fight recklessly!
You are too injured to fight recklessly!
The orc hits you but does no damage. The orc closely misses you.
Things that are here:
a +0 club; an orc corpse You closely miss the orc.
The orc is moderately wounded.
You hit the orc but do no damage. You block the orc's attack. x2
The orc hits you with a +0 trident.
You slash the orc!
You kill the orc!
You hit the orc but do no damage. The orc barely misses you.
The orc hits you from afar with a +0 trident!
* * * LOW HITPOINT WARNING * * *
Things that are here:
a +0 hand axe; an orc corpse The orc hits you but does no damage.
The orc hits you with a +0 trident!
You die...

#......# +......#
#......# #......+
#.$....#
########......######
...........)o..)....
...........)@.......
######<...).....###
#..#####.#.# ##.# .#
# ... # ##..# #..#
#..# ...


You could see an orc.

Vanquished Creatures
  A hound skeleton (D:2)
  2 worms
  A dart slug (D:1)
  2 leopard geckos (D:1)
  3 orcs (D:3)
  2 ball pythons (D:2)
  5 bats
  4 goblins (D:1)
  3 hobgoblins
  A frilled lizard (D:2)
  A kobold (D:1)
  2 rats (D:1)
  A bush (D:1)
  A plant (D:1)
29 creatures vanquished.

Notes
Turn   | Place    | Note
-------+----------+-------------------------------------------
     0 | D:1      | Felnil the Skeleton Fighter began the quest for the Orb.
     0 | D:1      | Reached XP level 1. HP: 14/14 MP: 1/1
   143 | D:1      | Reached XP level 2. HP: 17/19 MP: 2/2
   721 | D:1      | Reached skill level 4 in Shields
  1148 | D:2      | Found a sparkling altar of Nemelex Xobeh.
  1148 | D:2      | Found an opulent altar of Gozag.
  1157 | D:2      | Reached XP level 3. HP: 19/23 MP: 3/3
  1809 | D:3      | Slain by an orc

Skill      XL: |  1  2 |
---------------+-------+-----
Shields        | 4 |  4.2
Axes           | 3 |  3.2
Fighting       | |  3.4
Armour         | |  3.8

Action                   || total
-------------------------++-------
Melee: War axe           ||   206
Armor: Scale mail        ||    59
Dodge: Dodged            ||    50
Block: Shield            ||    67
